 Dungeon Crawl Stone Soup version 0.28-a0-1506-g3893175d92 (webtiles) character file.

Game seed: 6759859089456655647

32 siradein the Insei (level 3, -3/27 HPs)
             Began as a Djinni Transmuter on Jan 13, 2022.
             Slain by a kobold (6 damage)
             ... on level 1 of the Dungeon.
             The game lasted 00:05:46 (2134 turns).

siradein the Insei (Djinni Transmuter)              Turns: 2134, Time: 00:05:47

Health: -3/27      AC:  4    Str:  9    XL:     3   Next: 42%
Gold:   44         EV: 12    Int: 16    God:
                   SH:  0    Dex: 13

rFire   + + .      SeeInvis .     - Unarmed
rCold   x . .      Faith    .   (no shield)
rNeg    . . .      Spirit   .   d - +0 leather armour
rPois   ∞          Reflect  .   (helmet currently unavailable)
rElec   .          Harm     .   (no cloak)
rCorr   .          Rampage  .   c - +0 pair of gloves
Will    .....                   (boots unavailable)
Stlth   +.........              (no amulet)
HPRegen 0.09/turn               (no ring)
MPRegen 0.00/turn               (no ring)

@: appendages, flying
A: horns 2, flying, sickness immunity, fire resistance 2, cold vulnerability 1,
float, innate caster, hp casting, extra vitality 1
a: End Transformation


You were on level 1 of the Dungeon.
You had temporarily grown beastly horns.
You visited 1 branch of the dungeon, and saw 2 of its levels.

You collected 44 gold pieces.

Inventory:

Armour
 c - a +0 pair of gloves (worn)
 d - a +0 leather armour (worn)
Scrolls
 a - a scroll of identify {unknown}
Potions
 b - a potion of attraction {unknown}


   Skills:
 + Level 1.5 Fighting
 + Level 2.6 Dodging
 + Level 3.2 Unarmed Combat
 * Level 2.1 Spellcasting


You couldn't memorise any spells.
You knew the following spells:

 Your Spells              Type           Power      Damage    Failure   Level
a - Beastly Appendage     Tmut           16%        N/A       12%         1
b - Wereblood             Tmut           8%         N/A       19%         2
c - Spider Form           Tmut/Pois      8%         N/A       34%         3
d - Ice Form              Ice/Tmut       8%         N/A       75%         4
e - Sting                 Tmut/Pois      32%        1d4       12%         1
Your spell library was empty.

Dungeon Overview and Level Annotations

Branches:
Dungeon (2/15)

Altars:


Innate Abilities, Weirdness & Mutations

You have temporarily grown beastly horns.
You are flying.
You are immune to sickness and miasma.
You are immune to poison.
Your flesh is very heat resistant. (rF++)
You are vulnerable to cold. (rC-)
You float through the air rather than walking.
You learn spells naturally, not from books.
Your magical power is your life essence.
You have superior vitality. (+4 MHP)


Message History

You closely miss the hobgoblin.
The hobgoblin is heavily wounded.
The kobold barely misses you. The hobgoblin barely misses you.
You hit the hobgoblin.
The hobgoblin is severely wounded.
The kobold closely misses you.
The hobgoblin hits you but does no damage.
You hit the hobgoblin but do no damage. You headbutt the hobgoblin.
You kill the hobgoblin!
The kobold misses you.
You hit the kobold but do no damage.
The kobold hits you with a +2 short sword of venom.
You hit the kobold but do no damage.
Your transformation is almost over.
The kobold hits you but does no damage.
You hit the kobold but do no damage. Your headbutt misses the kobold.
The kobold misses you.
You hit the kobold.
The kobold is severely wounded.
The kobold hits you with a +2 short sword of venom.
* * * LOW HITPOINT WARNING * * *
You closely miss the kobold.
The kobold is severely wounded.
The kobold hits you but does no damage.
There is a stone staircase leading down here.
The kobold hits you with a +2 short sword of venom.
* * * LOW HITPOINT WARNING * * *
Your horns disappear.
The kobold barely misses you.
There is an open door here.
Casting: Beastly Appendage (safe; 12% risk of failure)
Confirm with . or Enter, or press ? or * to list all spells.
You grow a pair of large bovine horns.
* * * LOW HITPOINT WARNING * * *
The kobold hits you with a +2 short sword of venom.
* * * LOW HITPOINT WARNING * * *
You closely miss the kobold. Your headbutt misses the kobold.
The kobold is moderately wounded.
The kobold hits you with a +2 short sword of venom.
You die...

##.## #.# #...# #.# #.# ##.###
#.# #.# #.... ## ##+##
#####.######## ##### .# ##...##
#............# # .#
##.....###.###.#.####.# #####
)###.......##.###.#.## #.# #....
............#.##.....###.####....
>...........'..K@................
.##.........#.##.........####....
.###.......##.###.#.###### #.###
.# #......###.###.#.# ###.#
####.#...## #.......# #...# #
.....##'## #####.### #.#####
#######.# #.# #.# ##. #.# #.#
#.###.# #######.#### #.# #.##.##


You could see a kobold.

Vanquished Creatures
  5 bats (D:1)
  3 endoplasms (D:1)
  A giant cockroach (D:1)
  4 hobgoblins (D:1)
  3 quokkas (D:1)
  A frilled lizard (D:1)
  4 goblins (D:1)
  6 kobolds (D:1)
  A rat (D:1)
28 creatures vanquished.

Notes
Turn   | Place    | Note
-------+----------+-------------------------------------------
     0 | D:1      | siradein the Djinni Transmuter began the quest for the Orb.
     0 | D:1      | Reached XP level 1. HP: 17/17 MP: 0/0
   363 | D:1      | Reached XP level 2. HP: 20/22 MP: 0/0
  1622 | D:1      | Reached XP level 3. HP: 25/27 MP: 0/0
  1622 | D:1      | Learned a level 1 spell: Sting
  2134 | D:1      | Slain by a kobold

Illustrated notes

Levels and vault maps discovered:
D:1:      roderic_octagonal_star, layout_loops_corners
D:2:      layout_basic, hellmonk_ecumenical_altar_leap_of_faith, uniq_robin,
          uniq_terence

Skill      XL: |  1  2 |
---------------+-------+-----
Spellcasting   | 2 |  2.1
Fighting       | |  1.5
Dodging        | |  2.6
Unarmed Combat | |  3.2

Action                   || total
-------------------------++-------
Melee: Unarmed           ||   111
       Headbutt          ||    13
       Punch             ||     3
 Cast: Beastly Appendage ||    22
Armor: Robe              ||     9
       Leather armour    ||    33
Dodge: Dodged            ||    86

Table legend: (Time is in decaauts)
 A = Elapsed time spent in this place.
 B = Non-inter-level travel time spent in this place.
 C = Inter-level travel time spent in this place.
 D = Time resting spent in this place.
 E = Time spent auto-exploring this place.
 F = Levels seen in this place.
 G = Mean time per level.
                   A        B        C        D        E       F      G
               +--------+--------+--------+--------+--------+-----+--------+
         Total |   2127 |   2112 |     15 |      0 |   1751 |   2 | 1063.5 |
       Dungeon |   2127 |   2112 |     15 |      0 |   1751 |   2 | 1063.5 |
               +--------+--------+--------+--------+--------+-----+--------+

Top non-repeatable levels by time:
     D:1: 2121 daAuts
     D:2: 6 daAuts
